 Dungeon Crawl Stone Soup version 0.31.0-11-ge490571c62 (webtiles) character file.

Game seed: 3887509984318712832

315 stipulation the Purveyor of Pain (level 6, -8/28 HPs)
             Began as a Vine Stalker Necromancer on Jan 29, 2024.
             Was an Initiate of Kikubaaqudgha.
             Mangled by a mummy (10 damage)
             ... in an ossuary.
             The game lasted 00:06:29 (3767 turns).

stipulation the Purveyor of Pain (VSNe)             Turns: 3767, Time: 00:06:29

Health: -8/28      AC:  5    Str: 10    XL:     6   Next: 44%
Magic:  0/14       EV: 12    Int: 17    God:    Kikubaaqudgha [......]
Gold:   64         SH:  0    Dex: 15    Spells: 6/14 levels left

rFire   . . .        j - staff of death
rCold   . . .        (no shield)
rNeg    + . .        a - +0 robe
rPois   .            (no helmet)
rElec   .            q - +0 cloak
rCorr   .            g - +1 pair of gloves
SInv    .            (no boots)
Will    .....        (no amulet)
Stlth   ++           (no ring)
HPRegen 1.04/turn    (no ring)
MPRegen 0.14/turn

%: guardian spirit
@: no status effects
A: fangs 2, regeneration 1, magic shield, antimagic bite, no potion heal 2
a: Renounce Religion


You were in an ossuary.
You worshipped Kikubaaqudgha.
Kikubaaqudgha was noncommittal.
You visited 1 branch of the dungeon, and saw 4 of its levels.
You also visited: Ossuary.

You collected 64 gold pieces.

Inventory:

Hand Weapons
 d - a +0 dagger
Armour
 a - a +0 robe (worn)
 g - a +1 pair of gloves (worn)
 q - a +0 cloak (worn)
Magical Staves
 j - a staff of death (weapon)
Scrolls
 e - 2 scrolls of noise
 f - 4 scrolls of teleportation
 i - a scroll of silence {unknown}
 l - 2 scrolls of revelation
 n - a scroll of enchant weapon
Potions
 b - a potion of magic
 c - 3 potions of curing {unknown}
 h - a potion of brilliance {unknown}
 m - a potion of cancellation {unknown}
 p - a potion of haste {unknown}


   Skills:
 - Level 1.5 Dodging
 - Level 2.4 Stealth
 + Level 4.9 Spellcasting
 + Level 6.0 Necromancy
 + Level 0.2 Evocations


You had 6 spell levels left.
You knew the following spells:

 Your Spells              Type           Power      Damage    Failure   Level
a - Necrotise             Necr           100%       1d9       1%          1
b - Vampiric Draining     Necr           36%        2d8       3%          3
c - Animate Dead          Necr           36%        N/A       12%         4

Your spell library contained the following spells:

 Spells                   Type           Power      Damage    Failure   Level
 Jinxbite                 Hex            8%         N/A       22%         2
 Curse of Agony           Necr           36%        N/A       34%         5
 Tukima's Dance           Hex            4%         N/A       41%         3
 Dimensional Bullseye     Hex/Tloc       2%         N/A       82%         4
 Iskenderun's Mystic Bla  Conj/Tloc      4%         2d3       82%         4
 Yara's Violent Unravell  Hex/Alch       2%         3d3       99%         5
 Enfeeble                 Hex            2%         N/A       100%        7


Dungeon Overview and Level Annotations

Branches:
Dungeon (4/15)            Ossuary (1/1)
 Temple: D:4-7

Altars:
Kikubaaqudgha

Annotations:
D:3 1 runed translucent door, SuperJoe's ghost, amateur AtCj


Innate Abilities, Weirdness & Mutations

You have extremely sharp teeth.
Your natural rate of healing is unusually fast.
When hurt, damage is shared between your health and your magic reserves.
Your bite disrupts and absorbs the magic of your enemies.
Potions cannot restore your health.


Message History

As you read the scroll of enchant armour, it crumbles to dust.
Your +0 pair of gloves glows green for a moment.
You closely miss the mummy. You bite the mummy. You drain its power.
The mummy is lightly damaged.
The mummy closely misses you.
You barely miss the mummy. Your bite misses the mummy.
The mummy is lightly damaged.
The mummy hits you. The mummy barely misses you.
You hit the mummy. Your bite misses the mummy.
The mummy is moderately damaged.
The mummy closely misses you.
You hit the mummy but do no damage.
The mummy is moderately damaged.
The mummy hits you! x2
You hit the mummy. You bite the mummy. You drain its power.
You feel invigorated.
The mummy is heavily damaged.
The mummy barely misses you.
You hit the mummy but do no damage. Your bite misses the mummy.
The mummy is heavily damaged.
The mummy closely misses you. The mummy hits you.
You completely miss the mummy. You bite the mummy. You drain its power.
You feel invigorated.
The mummy is heavily damaged.
The mummy completely misses you.
You hit the mummy. Your bite misses the mummy.
The mummy is severely damaged.
The mummy closely misses you. The mummy hits you!
* * * LOW HITPOINT WARNING * * *
You hit the mummy but do no damage.
The mummy is severely damaged.
The mummy completely misses you.
You hit the mummy but do no damage. You bite the mummy. You drain its power.
You feel invigorated.
The mummy is almost destroyed.
The mummy closely misses you. The mummy hits you!
* * * LOW HITPOINT WARNING * * *
The mummy attacks as it pursues you! The mummy hits you!
You die...
Kikubaaqudgha rasps: "You have failed me!
Welcome... death!"

......#
#....#
#....#
#....#
#....#
#....#
#M...#
#.M..#
#.@..#
#.∩∩.#
######


You could see 2 mummies.

Vanquished Creatures
  A bombardier beetle (D:3)
  3 orc priests (D:3)
  A mummy (Ossuary)
  3 adders
  4 gnolls
  A dart slug (D:1)
  11 orcs (D:3)
  6 endoplasms
  2 giant cockroaches
  2 hobgoblins
  14 jackals
  5 quokkas
  4 ball pythons
  9 bats
  6 frilled lizards
  3 gnoll zombies (Ossuary)
  9 goblins
  6 kobolds
  2 kobold zombies (Ossuary)
  2 orc zombies (Ossuary)
  7 rats
101 creatures vanquished.

Vanquished Creatures (collateral kills)
  An orc (D:3)
  A goblin (D:3)
2 creatures vanquished.

Grand Total: 103 creatures vanquished

Notes
Turn   | Place    | Note
-------+----------+-------------------------------------------
     0 | D:1      | stipulation the Vine Stalker Necromancer began the quest
                  | for the Orb.
     0 | D:1      | Reached XP level 1. HP: 9/9 MP: 4/4
    26 | D:1      | Found a faded altar of an unknown god.
    65 | D:1      | Reached XP level 2. HP: 13/13 MP: 4/6
   476 | D:1      | Reached XP level 3. HP: 15/16 MP: 6/8
  1075 | D:2      | Reached XP level 4. HP: 21/21 MP: 6/10
  1390 | D:2      | Reached skill level 5 in Necromancy
  1789 | D:3      | Reached XP level 5. HP: 22/24 MP: 4/11
  1795 | D:3      | HP: 1/24 [orc priest/divine providence (8)]
  2126 | D:3      | Learned a level 3 spell: Vampiric Draining
  2131 | D:3      | Learned a level 4 spell: Animate Dead
  2175 | D:3      | Reached XP level 6. HP: 28/28 MP: 5/13
  2461 | D:3      | Found a runed translucent door.
  2470 | D:3      | Noticed SuperJoe's ghost (amateur AtCj)
  2716 | D:3      | Found an ancient bone altar of Kikubaaqudgha.
  2737 | D:3      | Became a worshipper of Kikubaaqudgha
  2968 | D:3      | Identified a scroll of acquirement
  2970 | D:3      | Acquired a staff of death
  3148 | D:4      | Found a sand-covered staircase.
  3155 | Ossuary  | Entered an ossuary
  3732 | Ossuary  | Reached skill level 6 in Necromancy
  3766 | Ossuary  | HP: 1/28 [mummy (8)]
  3767 | Ossuary  | Mangled by a mummy

Illustrated notes

Levels and vault maps discovered:
D:1:      ncdulo_lavacross, layout_loops_ring,
          hellmonk_ecumenical_altar_dog_temple
D:2:      layout_rooms
D:3:      layout_loops_ring, mainiacjoe_overflow_tiny_flanked,
          hellmonk_ghost_happy_afterlife
D:4:      layout_basic, amcnicky_altar_gilded, makhleb_blood_cavern_becter,
          nicolae_ossuary_entry_ruins, uniq_edmund, uniq_crazy_yiuf_cottage
Ossuary:  ossuary_tomb_3

Skill      XL: |  1  2  3  4  5  6 |
---------------+-------------------+-----
Spellcasting   | 3 4 |  4.9
Necromancy     | 5 6 |  6.0
Dodging        | |  1.5
Stealth        | |  2.4
Evocations     | |  0.2

Action                     |  1- 3 |  4- 6 || total
---------------------------+-------+-------++-------
  Melee: Unarmed           |    25 |       ||    25
         Bite              |    33 |    25 ||    58
         Punch             |     1 |       ||     1
         Dagger            |   106 |    29 ||   135
         Staff             |       |    47 ||    47
   Cast: Necrotise         |    14 |    92 ||   106
    Use: Scroll            |       |     8 ||     8
   Stab: Sleeping          |     7 |       ||     7
 Armour: Robe              |    84 |    55 ||   139
  Dodge: Dodged            |    78 |    57 ||   135
